 Dungeon Crawl Stone Soup version 0.23-b1-51-gfe822ef6ca (webtiles) character file.

Game seed: 15217362096102874405

183 Ihlosi the Skirmisher (level 5, -1/33 HPs)
             Began as a Kobold Fighter on Feb 3, 2019.
             Killed by nerve-wracking pain
             ... invoked by an orc priest
              (8 damage)
             ... on level 3 of the Dungeon.
             The game lasted 00:07:52 (4093 turns).

Ihlosi the Skirmisher (Kobold Fighter)              Turns: 4093, Time: 00:07:52

Health: -1/33      AC:  6    Str: 15    XL:     5   Next: 94%
Magic:  5/5        EV:  9    Int:  9    God:
Gold:   126        SH:  9    Dex: 14    Spells: 4/4 levels left

rFire    + . .     SeeInvis .   a - +0 flail
rCold    . . .     Gourm    .   c - +0 shield
rNeg     . . .     Faith    .   b - +0 scale mail
rPois    .         Spirit   .   (no helmet)
rElec    .         Reflect  .   (no cloak)
rCorr    .         Harm     .   (no gloves)
MR       .....                  (no boots)
Stlth    ..........             (no amulet)
HPRegen  0.11/turn              (no ring)
MPRegen  0.09/turn              v - ring of protection from fire

@: no status effects
A: small, carnivore
a: no special abilities


You were on level 3 of the Dungeon.
You were full.

You visited 1 branch of the dungeon, and saw 4 of its levels.
You also visited: Sewer.

You collected 126 gold pieces.

Inventory:

Hand Weapons
 a - a +0 flail (weapon)
 m - a +0 blowgun
Missiles
 e - 21 poisoned needles
 s - 22 bolts
Armour
 b - a +0 scale mail (worn)
 c - a +0 shield (worn)
Jewellery
 v - a ring of protection from fire (right hand)
Wands
 o - a wand of digging (3)
Scrolls
 h - 5 scrolls of teleportation
 j - a scroll of remove curse
 n - 3 scrolls of blinking
 r - 3 scrolls of magic mapping
 u - a scroll of immolation
Potions
 d - a potion of heal wounds
 g - a potion of lignification
 i - 3 potions of curing
 k - a potion of ambrosia {unknown}
 l - a potion of agility {unknown}
 p - 2 potions of magic
 q - 3 potions of flight {unknown}
 t - a potion of brilliance {unknown}
Comestibles
 f - 6 rations


   Skills:
 * Level 3.9 Fighting
 * Level 3.1 Maces & Flails
 * Level 3.1 Armour
 * Level 1.6 Dodging
 * Level 3.3 Shields


You had 4 spell levels left.
You didn't know any spells.
Your spell library was empty.

Dungeon Overview and Level Annotations

Branches:
Dungeon (4/15)
 Temple: D:4-7

Altars:
Fedhas

Annotations:
D:4 Purgy


Innate Abilities, Weirdness & Mutations

You are small and have problems with some larger weapons.
You are carnivorous and can eat meat at any time.


Message History

The orc hits you but does no damage. You block the orc priest's attack.
The orc hits you but does no damage.
The orc priest hits you with a +0 falchion.
You hit the orc priest but do no damage.
The orc priest is moderately wounded.
The orc closely misses you.
The orc priest mumbles some strange prayers to Beogh against you.
Beogh smites you!
* * * LOW HITPOINT WARNING * * *
You sock the orc priest!
The orc priest is almost dead.
You block the orc's attack. You block the orc priest's attack.
You hit the orc priest.
The orc priest is almost dead.
The orc hits you but does no damage.
The orc priest hits you but does no damage.
The orc hits you but does no damage.
The orc priest invokes the aid of Beogh against you.
Pain shoots through your body!
You die...

.......#รท).# #..............#
.#####...### #.######.##########
.######.######.# #....(.....#
............##.# ##########.#
.######.###.##.## #.# ..#####.#
#.#...# #.# ........# #.....# #.#
>######## ###..o############ #.#
..(...########o.@..........# #.#
................##########.###.##
.####.########..# #.##...# .# #.#
#..# #.##.... .# #.# #..#
#.##...# .# #.## #..# #.###### .#
#..# #..# #.# .# ##.# #..# #.# .#
#.# #..# #.#


You could see an orc priest and an orc.

Vanquished Creatures
  Jessica (D:2)
  Robin (D:3)
  3 adders
  A river rat (Sewer)
  2 oozes (D:1)
  An adder zombie (D:2)
  5 worms
  A dart slug (D:3)
  A leopard gecko (D:1)
  An orc (D:3)
  5 ball pythons
  10 goblins
  15 hobgoblins
  A quokka (D:2)
  9 bats
  12 frilled lizards
  4 kobolds
  A leopard gecko skeleton (D:2)
  13 rats
87 creatures vanquished.

Notes
Turn   | Place    | Note
-------+----------+-------------------------------------------
     0 | D:1      | Ihlosi the Kobold Fighter began the quest for the Orb.
     0 | D:1      | Reached XP level 1. HP: 14/14 MP: 1/1
    14 | D:1      | Reached XP level 2. HP: 19/19 MP: 2/2
   237 | D:1      | Reached XP level 3. HP: 20/23 MP: 3/3
  1076 | D:2      | Noticed Jessica
  1090 | D:2      | Killed Jessica
  1090 | D:2      | Reached skill level 1 in Dodging
  1090 | D:2      | Reached XP level 4. HP: 29/29 MP: 4/4
  1753 | D:2      | Reached XP level 5. HP: 23/33 MP: 5/5
  2060 | D:2      | Found a blossoming altar of Fedhas.
  2254 | D:3      | Noticed Robin
  2284 | D:3      | Killed Robin
  2370 | D:3      | Found a glowing drain.
  2395 | Sewer    | Entered a sewer
  4078 | D:4      | Noticed Purgy
  4093 | D:3      | Killed from afar by an orc priest

Skill      XL: |  1  2  3  4  5 |
---------------+----------------+-----
Maces & Flails | 2 3 |  3.1
Dodging        | 1 |  1.6
Shields        | 3 |  3.3
Armour         | 3 |  3.1
Fighting       | |  3.9

Action                   |  1- 3 |  4- 6 || total
-------------------------+-------+-------++-------
Melee: Flail             |    85 |   219 ||   304
  Use: Scroll            |       |    11 ||    11
       Potion            |       |     2 ||     2
  Eat: Chunk             |     7 |     9 ||    16
Armor: Scale mail        |    44 |    88 ||   132
Dodge: Dodged            |    33 |   110 ||   143
Block: Shield            |    49 |   139 ||   188
